AoeStats
← {WaZzU'P} Recluta4!

Fortress

508970824Analyzed
4v4 RM · 7d ago on Sep 24, 2026· 67m 47s· 8 players
Game mode
Random Map
Map size
Huge
Population
200
Speed
Normal
Resources
Standard
Victory
Conquest
Starting age
Dark Age
Ending age
Imperial Age
RankedLock teamsTeams togetherTeam positionsShared explorationLock speedFull tech treeHidden civsTurbo modeCheats
Victory
Defeat
🇺🇸 Tatars · United States
1199
+16
🇦🇷 Saxons · Argentina
1190
+16
🇧🇷 Cumans · Brazil
1186
+17
🇨🇭 Maya · Switzerland
1167
+17
🇨🇴 Mongols · Colombia
1258
-19
🇩🇪 Wu · Germany
1243
-18
🇸🇰 Maya · Slovakia
1162
-15
🇧🇪 Lithuanians · Belgium
1135
-14
ju@mpi
0:32 Loom
7:34 Feudal Age
8:08 Double-Bit Axe
10:55 Horse Collar
13:51 Castle Age
12:44 Stone Mining
13:41 Gold Mining
14:28 Wheelbarrow
15:19 Bow Saw
15:20 Heavy Plow
24:41 Fortified Wall
24:54 Ballistics
24:51 Town Watch
25:36 Hand Cart
26:06 Forging
27:17 Fletching
30:22 Imperial Age
29:28 Clerical Recruitment
30:26 Elite Hearth Troop
31:27 Conscription
30:35 Shield Wall
30:36 Elite Hearth Troop
32:09 Iron Casting
31:31 Bodkin Arrow
31:37 Scale Mail Armor
32:41 Chemistry
31:26 Arrowslits
31:30 Elite Varangian Guard
33:31 Bracer
37:54 Chain Mail Armor
39:53 Gambesons
40:47 Gold Shaft Mining
40:33 Pikeman
41:13 Squires
41:12 Halberdier
43:29 Two-Man Saw
51:20 Caravan
63:39 Capped Ram
64:40 Siege Ram
{WaZzU'P} Recluta4!
8:43 Feudal Age
9:58 Horse Collar
14:24 Castle Age
12:51 Double-Bit Axe
16:04 Heavy Plow
16:39 Town Watch
17:30 Wheelbarrow
17:40 Loom
18:26 Bow Saw
20:01 Hand Cart
21:07 Fletching
22:33 Gold Mining
22:43 Stone Mining
24:22 Padded Archer Armor
24:40 Bodkin Arrow
28:16 Imperial Age
26:44 Leather Archer Armor
26:51 Ballistics
27:23 Bloodlines
27:44 Husbandry
27:08 Light Cavalry
28:21 Masonry
28:23 Fortified Wall
28:18 Squires
28:28 Silk Armor
28:37 Scale Barding Armor
29:05 Bracer
29:26 Conscription
29:40 Ring Archer Armor
29:34 Timurid Siegecraft
30:18 Siege Engineers
30:39 Heavy Cavalry Archer
33:26 Chain Barding Armor
33:40 Forging
34:33 Chemistry
36:18 Plate Barding Armor
38:32 Iron Casting
39:18 Hussar
43:31 Blast Furnace
45:35 Caravan
45:47 Guilds
50:10 Town Patrol
50:54 Gold Shaft Mining
50:38 Murder Holes
50:24 Treadmill Crane
64:14 Crop Rotation
63:09 Capped Ram
65:54 Siege Ram
{WaZzU'P} GranPolo
8:32 Feudal Age
13:17 Castle Age
11:47 Double-Bit Axe
11:43 Horse Collar
13:19 Stone Mining
15:10 Scale Mail Armor
17:32 Fletching
17:36 Gold Mining
19:05 Masonry
20:17 Forging
20:55 Padded Archer Armor
21:13 Eagle Warrior
23:36 Town Watch
24:24 Squires
24:37 Bodkin Arrow
26:11 Leather Archer Armor
27:02 Wheelbarrow
27:43 Ballistics
32:30 Imperial Age
32:19 Iron Casting
32:59 Bow Saw
33:50 Chain Mail Armor
35:13 Elite Eagle Warrior
37:15 Holcans
39:06 Plate Mail Armor
41:39 Blast Furnace
40:52 Heavy Plow
46:19 Hand Cart
46:05 Town Patrol
47:50 Coinage
48:55 Crop Rotation
48:04 Pikeman
49:09 Halberdier
51:44 Capped Ram
53:43 Siege Ram
55:23 Arson
56:56 Banking
56:37 Guilds
62:01 Caravan
oleúde
0:57 Loom
6:23 Feudal Age
7:31 Double-Bit Axe
8:10 Horse Collar
17:25 Castle Age
15:27 Town Watch
16:33 Wheelbarrow
17:22 Fletching
17:32 Padded Archer Armor
17:45 Bloodlines
17:36 Stone Mining
17:36 Gold Mining
18:18 Bodkin Arrow
19:16 Bow Saw
19:46 Heavy Plow
20:07 Capped Ram
21:21 Leather Archer Armor
21:20 Thumb Ring
23:00 Ballistics
27:54 Imperial Age
29:21 Ring Archer Armor
29:56 Chemistry
29:11 Scale Barding Armor
30:11 Two-Man Saw
29:44 Elite Kipchak
30:55 Parthian Tactics
33:03 Conscription
32:44 Steppe Husbandry
33:11 Light Cavalry
34:13 Chain Barding Armor
34:03 Forging
33:46 Hussar
36:57 Plate Barding Armor
37:32 Hand Cart
37:24 Town Patrol
38:35 Iron Casting
41:38 Caravan
43:53 Blast Furnace
49:38 Murder Holes
49:53 Masonry
57:39 Scale Mail Armor
57:09 Elite Steppe Lancer
58:02 Squires
57:48 Arson
57:23 Pikeman
62:33 Chain Mail Armor
65:46 Coinage
Olli
6:07 Loom
7:53 Feudal Age
9:35 Double-Bit Axe
9:35 Horse Collar
12:24 Castle Age
10:17 Stone Mining
13:35 Gold Mining
13:59 Bow Saw
13:56 Fletching
17:45 Bodkin Arrow
18:39 Padded Archer Armor
20:47 Gold Shaft Mining
22:46 Leather Archer Armor
23:08 Heavy Plow
23:53 Red Cliffs Tactics
31:37 Imperial Age
29:43 Wheelbarrow
30:31 Ballistics
32:35 Elite Fire Archer
33:17 Bracer
34:32 Conscription
35:31 Chemistry
39:42 Hand Cart
39:12 Town Watch
42:56 Squires
42:42 Arson
42:58 Scale Mail Armor
43:09 Forging
46:06 Chain Mail Armor
46:26 Iron Casting
47:20 Plate Mail Armor
46:38 Pikeman
47:20 Halberdier
52:11 Two-Man Saw
Zayo Marley
7:46 Feudal Age
9:17 Double-Bit Axe
12:58 Castle Age
12:51 Forging
13:09 Horse Collar
14:43 Bow Saw
16:27 Wheelbarrow
20:21 Scale Barding Armor
20:29 Bloodlines
20:24 Loom
21:08 Husbandry
24:21 Hand Cart
23:52 Town Watch
24:29 Heavy Plow
24:23 Gold Mining
29:24 Imperial Age
28:13 Iron Casting
28:51 Chain Barding Armor
28:22 Light Cavalry
29:29 Cavalier
30:51 Plate Barding Armor
33:31 Paladin
35:23 Stone Mining
38:39 Caravan
39:14 Winged Hussar
39:55 Fletching
41:27 Bodkin Arrow
53:57 Conscription
msmatossms
7:14 Feudal Age
7:57 Loom
11:19 Castle Age
9:09 Horse Collar
11:47 Wheelbarrow
11:00 Town Watch
13:35 Fletching
18:47 Padded Archer Armor
19:42 Double-Bit Axe
25:25 Imperial Age
23:26 Bodkin Arrow
24:33 Elite Skirmisher
25:43 Ballistics
29:43 Hul'che Javelineers
30:03 Conscription
31:56 Chemistry
33:40 Bracer
33:23 Treadmill Crane
35:28 Thumb Ring
37:23 Hand Cart
37:13 Gold Mining
44:33 Pikeman
45:13 Squires
45:36 Halberdier
46:29 Forging
46:19 Scale Mail Armor
47:08 Crossbowman
48:51 Iron Casting
48:31 Chain Mail Armor
48:32 Leather Archer Armor
48:11 Arson
48:56 Arbalester
50:37 Murder Holes
50:53 Fortified Wall
52:27 Town Patrol
55:40 Bow Saw
55:34 Elite Plumed Archer
56:54 Ring Archer Armor
57:37 Eagle Warrior
58:50 Holcans
59:42 Elite Eagle Warrior
68:16 Masonry
TheMarshall
9:15 Feudal Age
12:54 Castle Age
10:55 Double-Bit Axe
10:53 Horse Collar
13:50 Wheelbarrow
14:23 Bow Saw
15:01 Heavy Plow
21:24 Stone Mining
22:24 Hand Cart
21:55 Town Watch
22:55 Gold Mining
27:14 Imperial Age
24:48 Fletching
25:04 Husbandry
25:33 Bodkin Arrow
26:21 Bloodlines
27:24 Ballistics
27:46 Padded Archer Armor
28:21 Bracer
29:24 Chemistry
28:30 Siege Engineers
29:19 Town Patrol
30:01 Leather Archer Armor
29:46 Elite Mangudai
32:41 Parthian Tactics
31:44 Heavy Cavalry Archer
33:51 Gold Shaft Mining
33:52 Stone Shaft Mining
33:56 Conscription
33:37 Elite Skirmisher
35:47 Thumb Ring
40:18 Caravan
54:39 Drill
55:09 Heavy Scorpion
57:52 Capped Ram
59:05 Siege Ram
Connection lost

Rejoining the realm…

Still unreachable

The connection could not be restored.

Session expired

The server has moved on; the page needs a fresh start.